 Dungeon Crawl Stone Soup version 0.19-a0-1888-g6ba2374 (webtiles) character file.

5622 Naow the Blocker (level 11, -8/75 HPs)
             Began as a Formicid Fighter on Oct 17, 2016.
             Was a Priest of Okawaru.
             Mangled by an orc warrior
             ... wielding a +0 flail
              (20 damage)
             ... on level 9 of the Dungeon.
             The game lasted 00:21:01 (9815 turns).

Naow the Blocker (Formicid Fighter)                 Turns: 9815, Time: 00:21:01

Health: -8/75      AC: 15    Str: 25    XL:     11   Next: 3%
Magic:  17/17      EV:  6    Int:  7    God:    Okawaru [***...]
Gold:   625        SH: 13    Dex: 10    Spells: 0 memorised, 10 levels left

rFire  x . .     SeeInvis +     a - +0 war axe
rCold  + . .     Gourm    .     O - +0 plate armour
rNeg   . . .     Faith    +     c - +0 shield
rPois  .         Spirit   .     (helmet unavailable)
rElec  .         Dismiss  .     T - +0 cloak
rCorr  .         Reflect  .     i - +2 pair of gloves
MR     +....     Harm     .     (no boots)
Stlth  ..........               G - amulet of faith
                                (no ring)
                                P - ring of ice

@: no status effects
A: permanent stasis, dig shafts and tunnels, four strong arms, antennae 3
a: Dig, Shaft Self, Heroism, Renounce Religion


You were on level 9 of the Dungeon.
You worshipped Okawaru.
Okawaru was most pleased with you.
You were not hungry.

You visited 2 branches of the dungeon, and saw 10 of its levels.

You collected 625 gold pieces.

Inventory:

Hand Weapons
 a - a +0 war axe (weapon)
Armour
 c - a +0 shield (worn)
 i - a +2 pair of gloves (worn)
 O - a +0 plate armour (worn)
 T - a +0 cloak (worn)
Jewellery
 r - an uncursed ring of protection from fire
 s - an uncursed ring of positive energy
 v - an uncursed ring of positive energy
 G - an amulet of faith (around neck)
 J - an uncursed amulet of magic regeneration
 M - an uncursed ring of flight
 P - a ring of ice (left hand)
Wands
 y - a wand of digging (17/24)
 H - a wand of random effects (5/48)
 N - a wand of confusion (20/48)
 S - a wand of acid (5/15)
Scrolls
 e - 2 scrolls of recharging {unknown}
 g - 4 scrolls of enchant armour {unknown}
 j - a scroll of remove curse
 l - 3 scrolls of identify
 B - 2 scrolls of blinking {unknown}
 C - 3 scrolls of teleportation {unknown}
 E - 2 scrolls of fog {unknown}
 F - a scroll of torment {unknown}
 I - 2 scrolls of fear {unknown}
 U - a scroll of immolation {unknown}
Potions
 b - a potion of brilliance {unknown}
 h - 2 potions of degeneration {unknown}
 k - 2 potions of haste
 m - 2 potions of magic
 p - a potion of lignification {unknown}
 t - 2 potions of heal wounds {unknown}
 u - a potion of agility {unknown}
 w - a potion of berserk rage {unknown}
 A - 2 potions of flight
 K - a potion of beneficial mutation {unknown}
 L - 2 potions of cure mutation
 Q - 2 potions of invisibility {unknown}
Books
 d - a book of Changes

   Spells                             Type                      Level
   a - Beastly Appendage              Transmutation                1
   b - Sticks to Snakes               Transmutation                2
   c - Spider Form                    Transmutation/Poison         3
   d - Ice Form                       Ice/Transmutation            4
   e - Blade Hands                    Transmutation                5
 x - a book of Cantrips

   Spells                             Type                      Level
   a - Confusing Touch                Hexes                        1
   b - Animate Skeleton               Necromancy                   1
   c - Summon Small Mammal            Summoning                    1
   d - Apportation                    Translocation                1
 z - a book of Maledictions

   Spells                             Type                      Level
   a - Corona                         Hexes                        1
   b - Ensorcelled Hibernation        Hexes/Ice                    2
   c - Confuse                        Hexes                        3
   d - Tukima's Dance                 Hexes                        3
   e - Dazzling Spray                 Conjuration/Hexes            3
Comestibles
 f - 7 bread rations
 n - 3 beef jerkies
 o - 2 meat rations
 q - 7 fruits
 D - 8 slices of pizza
 R - 4 chunks of flesh


   Skills:
 - Level 3.2 Fighting
 + Level 7.5 Axes
 - Level 3.2 Armour
 - Level 13.9 Shields
 - Level 8.9 Invocations


You had 10 spell levels left.
You didn't know any spells.

Dungeon Overview and Level Annotations

Branches:
Dungeon (9/15)             Temple (1/1) D:7
   Lair: D:8-11         Orc: D:9-12

Altars:
Ashenzari
Cheibriados
Dithmenos
Elyvilon
Fedhas
Gozag
Hepliaklqana
Kikubaaqudgha
Makhleb
Nemelex Xobeh
Okawaru
Qazlal
Ru
Sif Muna
Trog
Uskayaw
Vehumet
Xom
Yredelemnul
Zin
The Shining One


Innate Abilities, Weirdness & Mutations

You are under a permanent stasis effect.
You can dig through walls and to a lower floor.
Your four strong arms can wield two-handed weapons with a shield.
You have a pair of large antennae on your head. (SInv)


Message History

You hit the orc wizard but do no damage.
The orc wizard is almost dead.
You barely miss the orc warrior.
The orc wizard gestures at you while chanting.
The magic dart hits you!
* * * LOW HITPOINT WARNING * * *
The orc warrior hits you with a flail.
* * * LOW HITPOINT WARNING * * *
You hit the orc warrior but do no damage.
The orc warrior is heavily wounded.
You closely miss the orc wizard.
The orc wizard hits you but does no damage.
You block the orc warrior's attack. You block the orc wizard's attack.
Unknown command.
You closely miss the orc warrior.
The orc warrior is heavily wounded.
You closely miss the orc wizard. The orc wizard casts a spell at you.
You resist with almost no effort. The orc warrior hits you with a flail!!
You die...

#........
#.......
#......
#..... #..<.
# #... .#
+o)######.(#
#o@........#
#..........#
#..........#
#...######.#
#...# #...#
#...# #...#
#...#


You could see an orc warrior and an orc wizard (invisible).

Vanquished Creatures
  The ghost of GsBirdie the Cleaver, a novice MiBe of Trog (D:5)
  The ghost of slumpy the Ruffian, an amateur TrFi of Ashenzari (D:4)
  A troll (D:9)
  A human (D:7)
  4 hogs (D:7)
  2 hungry ghosts
  A water moccasin (D:8)
  3 orc warriors (D:8)
  3 sky beasts
  An ice beast (D:7)
  3 ogres
  A necrophage (D:8)
  A phantom (D:8)
  4 centaurs
  4 bullfrogs
  8 scorpions
  3 wights (D:6)
  4 crimson imps
  2 bullfrog zombies
  2 orc priests (D:8)
  3 hounds
  4 jellies
  2 gnoll shamans
  A bullfrog skeleton (D:5)
  10 orc wizards
  An iguana (D:7)
  7 worker ants
  A mummy (D:4)
  A worker ant zombie (D:9)
  15 gnolls
  14 adders
  A howler monkey skeleton (D:4)
  3 shadow imps (D:8)
  3 oozes
  2 adder zombies
  An adder skeleton (D:7)
  A worm (D:3)
  6 dart slugs
  7 leopard geckos
  38 orcs
  6 giant cockroaches
  6 goblins
  8 hobgoblins
  5 jackals
  4 quokkas
  A ball python skeleton (D:4)
  7 bats
  13 frilled lizards
  A hobgoblin zombie (D:4)
  4 kobolds
  A leopard gecko zombie (D:7)
  An orc zombie (D:4)
  A quokka zombie (D:6)
  13 rats
242 creatures vanquished.

Vanquished Creatures (others)
  A quokka (D:8)
1 creature vanquished.

Grand Total: 243 creatures vanquished

Notes
Turn   | Place    | Note
-------+----------+-------------------------------------------
     0 | D:1      | Naow the Formicid Fighter began the quest for the Orb.
     0 | D:1      | Reached XP level 1. HP: 18/18 MP: 1/1
   105 | D:1      | Reached skill level 4 in Shields
   124 | D:1      | Reached XP level 2. HP: 22/24 MP: 2/2
   359 | D:1      | Reached XP level 3. HP: 13/29 MP: 3/3
   611 | D:1      | Reached skill level 5 in Shields
   879 | D:2      | Found a deep blue altar of Sif Muna.
  1001 | D:2      | Reached XP level 4. HP: 32/35 MP: 4/4
  1181 | D:2      | Reached skill level 6 in Shields
  1537 | D:3      | Reached XP level 5. HP: 39/41 MP: 5/5
  1769 | D:3      | Reached skill level 7 in Shields
  1928 | D:3      | Reached XP level 6. HP: 27/47 MP: 6/6
  2301 | D:3      | Reached skill level 8 in Shields
  2755 | D:4      | Noticed slumpy's ghost (amateur TrFi)
  2759 | D:4      | You fall through a shaft for 3 floors!
  2790 | D:7      | Noticed a hog
  2790 | D:7      | Noticed a human
  2790 | D:7      | Noticed a hog
  2795 | D:7      | Noticed a hog
  2796 | D:7      | Noticed a hog
  2799 | D:7      | Killed a hog
  2799 | D:7      | Reached skill level 9 in Shields
  2799 | D:7      | Reached XP level 7. HP: 49/52 MP: 7/7
  2805 | D:7      | Killed a human
  2805 | D:7      | Reached skill level 10 in Shields
  2812 | D:7      | Killed a hog
  2812 | D:7      | Reached XP level 8. HP: 22/58 MP: 8/8
  2814 | D:7      | Killed a hog
  2814 | D:7      | Reached skill level 11 in Shields
  2815 | D:7      | Killed a hog
  3123 | D:7      | Found a staircase to the Ecumenical Temple.
  3136 | Temple   | Entered the Ecumenical Temple
  3368 | Temple   | Became a worshipper of Warmaster Okawaru
  3460 | D:6      | Reached skill level 12 in Shields
  3687 | D:6      | Reached XP level 9. HP: 57/64 MP: 9/9
  3764 | D:5      | Entered Level 5 of the Dungeon
  3805 | D:5      | Noticed GsBirdie's ghost (novice MiBe)
  4144 | D:6      | Reached skill level 13 in Shields
  4481 | D:5      | Killed GsBirdie's ghost
  4481 | D:5      | Reached * piety under Okawaru
  4583 | D:5      | Reached skill level 1 in Invocations
  4923 | D:5      | Reached ** piety under Okawaru
  4938 | D:5      | Found a hide-covered altar of Uskayaw.
  5155 | D:5      | Noticed a moth of wrath
  5157 | D:5      | Found a bloodstained altar of Trog.
  5558 | D:4      | Reached skill level 5 in Invocations
  5729 | D:4      | Killed slumpy's ghost
  5729 | D:4      | Reached XP level 10. HP: 50/70 MP: 12/14
  7522 | D:7      | Reached *** piety under Okawaru
  7794 | D:8      | Found a white marble altar of Elyvilon.
  7922 | D:8      | Reached skill level 5 in Axes
  7945 | D:8      | Found a hide-covered altar of Uskayaw.
  8266 | D:8      | Found an ancient bone altar of Kikubaaqudgha.
  8596 | D:8      | Found a radiant altar of Vehumet.
  8742 | D:8      | Found a shattered altar of Ashenzari.
  9611 | D:9      | Reached XP level 11. HP: 38/75 MP: 15/17
  9815 | D:9      | Mangled by an orc warrior

Vault maps used:
D:1:      saegor_arrival_simple_b, supply_closet_lemuel
D:2:      led_sif_pool
D:3:      first_bread, minivault_4
D:4:      nicolae_ossuary_entry_giza
D:5:      tgw_trog, basic_altar
D:7:      grunt_livestock
D:8:      elyvilon_altar_4, ashenzari_altar_1, grunt_temple_overflow_open,
          basic_altar
D:9:      kb_forest_paths
Temple:   regret_index_temple_generic_petals

Skill      XL: |  1  2  3  4  5  6  7  8  9 10 |
---------------+-------------------------------+-----
Shields        | 4 5 6 7 9 10 12 13 | 13.9
Invocations    | 6 8 |  8.9
Axes           | 7 |  7.5
Fighting       | |  3.2
Armour         | |  3.2

Action                   |  1- 3 |  4- 6 |  7- 9 | 10-12 || total
-------------------------+-------+-------+-------+-------++-------
Melee: War axe           |    76 |   243 |   417 |   475 ||  1211
Invok: Heroism           |       |       |     3 |    14 ||    17
 Abil: Shaft Self        |       |     1 |       |       ||     1
  Use: Scroll            |       |     1 |       |     6 ||     7
       Potion            |       |     1 |       |     1 ||     2
  Eat: Chunk             |       |     7 |    11 |    22 ||    40
       Bread ration      |       |       |       |     1 ||     1
Armor: Scale mail        |    52 |    13 |       |       ||    65
       Ring mail         |       |    30 |       |       ||    30
       Plate armour      |       |    84 |   187 |   182 ||   453
Dodge: Dodged            |    41 |    62 |    93 |    85 ||   281
Block: Shield            |    34 |   163 |   342 |   352 ||   891
